[Event "Titled Tuesday Blitz July 18 Early 2023"]
[White "Fajdetic, Hrvoje"]
[Black "Sargsyan, Anna M."]
[WhiteFideId "14501945"]
[BlackFideId "13308130"]
[WhiteElo "2371"]
[BlackElo "2566"]
[Result "0-1"]
[Round "3"]
[TimeControl "180+2"]
[Date "2023.07.18"]
[WhiteClock "0:00:14"]
[BlackClock "0:00:37"]
[Board "125"]

1. d4 d5 2. Bf4 Nf6 3. e3 Bf5 4. c4 c6 5. Qb3 Qb6 6. c5 Qxb3 7. axb3 a6 8. Nd2 Nbd7 9. b4 Rc8 10. h3 e6 11. Nb3 Ne4 12. Na5 f6 13. Nf3 b5 14. cxb6 Bxb4+ 15. Ke2 Nxb6 16. Nh4 Kd7 17. Nxf5 exf5 18. f3 Nd6 19. Kf2 Ra8 20. Bd3 g6 21. Rhc1 Bxa5 22. Rxa5 Nbc4 23. Ra2 a5 24. b3 Nb6 25. Rca1 Nb7 26. e4 fxe4 27. fxe4 Rae8 28. e5 Rhf8 29. Kg3 g5 30. Be3 fxe5 31. dxe5 Kc7 32. Bxg5 Nc5 33. Bxh7 Nxb3 34. Rb1 a4 35. Bc2 Nd4 36. Bxa4 Rg8 37. Kh4 Nf5+ 38. Kg4 Rxe5 39. h4 Nxh4 40. Kxh4 Rexg5 41. Rc2 Rg4+ 42. Kh3 Rxa4 43. Rbc1 Rc4 44. Rxc4 Nxc4 45. g4 Kd6 46. Kh4 c5 47. Kh5 Ne5 48. g5 Rh8# 0-1


[Site "https://www.chess.com"]

[Event "Titled Tuesday Blitz July 18 Early 2023"]
[White "Pinero Rodriguez, Carlos Jose"]
[Black "Nithyalakshmi, Sivanesan"]
[WhiteFideId "3901726"]
[BlackFideId "5706955"]
[WhiteElo "2565"]
[BlackElo "2366"]
[Result "1-0"]
[Round "3"]
[TimeControl "180+2"]
[Date "2023.07.18"]
[WhiteClock "0:02:05"]
[BlackClock "0:00:10"]
[Board "126"]

1. b3 d5 2. Bb2 Nf6 3. Nf3 g6 4. e3 Bg7 5. c4 c6 6. d4 O-O 7. Bd3 Nbd7 8. cxd5 cxd5 9. Nc3 Re8 10. O-O Nf8 11. h3 a6 12. Rc1 Bf5 13. Ne5 Ne4 14. Nxe4 dxe4 15. Bc4 Bxe5 16. dxe5 Be6 17. Be2 Rc8 18. Bd4 Rxc1 19. Qxc1 Qd7 20. Qb1 Bd5 21. Rd1 Rc8 22. Bg4 Ne6 23. Bb2 Qc6 24. Ba3 Rc7 25. Qb2 Nc5 26. Rc1 Qb6 27. Qd4 1-0


[Site "https://www.chess.com"]

[Event "Titled Tuesday Blitz July 18 Early 2023"]
[White "Zhang, Eric"]
[Black "Wernberg, Hugo"]
[WhiteFideId "30907667"]
[BlackFideId "1737511"]
[WhiteElo "2565"]
[BlackElo "2360"]
[Result "0-1"]
[Round "3"]
[TimeControl "180+2"]
[Date "2023.07.18"]
[WhiteClock "0:00:17"]
[BlackClock "0:00:14"]
[Board "127"]

1. d4 d5 2. c4 e6 3. Nc3 a6 4. cxd5 exd5 5. Nf3 c6 6. Bg5 Be7 7. Bxe7 Qxe7 8. e3 Nf6 9. Bd3 Bg4 10. Qc2 Bh5 11. Ne5 Nbd7 12. f4 Bg6 13. O-O Bxd3 14. Qxd3 O-O 15. Rf3 Ne8 16. Rh3 g6 17. Rf1 Nd6 18. g4 f6 19. Nxd7 Qxd7 20. Qe2 Rae8 21. Nd1 f5 22. gxf5 Nxf5 23. Qf3 Re7 24. Kh1 Rfe8 25. Qg4 Qe6 26. Rhf3 Nxd4 27. Qxe6+ Nxe6 28. f5 gxf5 29. Rxf5 Rf8 30. Rg1+ Rg7 31. Rxf8+ Kxf8 32. Rf1+ Rf7 33. Re1 Nc5 34. Kg2 Ne4 35. Re2 Ke7 36. Nc3 Nxc3 37. bxc3 Kd6 38. Rb2 b5 39. Rd2 Kc5 40. Rd4 a5 41. a3 Re7 42. Kf2 Re4 43. Rd2 Kc4 44. Rc2 Kd3 45. Rc1 Rxe3 46. Rd1+ Kc2 47. Rg1 Rxc3 48. Rg7 Kb3 49. Rxh7 Kxa3 50. h4 b4 51. h5 Rh3 52. Kg2 Rh4 53. Kg3 Rh1 54. Kg2 Re1 55. Kf2 Re5 56. h6 b3 57. Rb7 Rh5 58. h7 b2 59. Ke2 Rxh7 60. Rxh7 b1=Q 61. Rh3+ Qb3 62. Re3 Qxe3+ 63. Kxe3 Kb4 64. Kd4 a4 65. Kd3 a3 66. Kc2 c5 67. Kb1 c4 68. Ka2 d4 69. Kb1 Kb3 70. Ka1 c3 71. Kb1 d3 72. Kc1 Kb4 73. Kb1 Ka4 74. Ka2 d2 75. Ka1 d1=Q+ 76. Ka2 Qc2+ 77. Ka1 Qb2# 0-1


[Site "https://www.chess.com"]

[Event "Titled Tuesday Blitz July 18 Early 2023"]
[White "Alahakoon, Isuru"]
[Black "Principe, Gerson"]
[WhiteFideId "9900993"]
[BlackFideId "3804550"]
[WhiteElo "2357"]
[BlackElo "2564"]
[Result "0-1"]
[Round "3"]
[TimeControl "180+2"]
[Date "2023.07.18"]
[WhiteClock "0:00:02"]
[BlackClock "0:00:06"]
[Board "128"]

1. Nf3 c5 2. c3 d5 3. d4 e6 4. Bf4 Nf6 5. e3 Bd6 6. Bg3 Nc6 7. Nbd2 O-O 8. Bd3 b6 9. e4 dxe4 10. Nxe4 Nxe4 11. Bxe4 Bb7 12. dxc5 Bxc5 13. Qa4 Qc8 14. Bxh7+ Kxh7 15. Qh4+ Kg8 16. Ng5 Rd8 17. Qh7+ Kf8 18. Bh4 e5 19. Qh8+ Ke7 20. Qxg7 Kd7 21. Nxf7 Be7 22. O-O-O+ Kc7 23. Nxe5 Qe6 24. Nxc6 Bxc6 25. Bxe7 Rd7 26. Rhe1 Qxa2 27. Rxd7+ Bxd7 28. Qe5+ Kb7 29. Qe4+ Bc6 30. Qb1 Qd5 31. Bh4 Qd6 32. Bg3 Qh6+ 33. Re3 Rd8 34. Qc2 Qh5 35. Qe2 Qd5 36. Re7+ Rd7 37. Rxd7+ Qxd7 38. Qe5 Ka6 39. Qe2+ Kb7 40. f3 Ba4 41. Qd2 Qf5 42. h4 Bb3 43. Bf2 Ba2 44. Kd1 Qb1+ 45. Ke2 Bc4+ 46. Ke3 Qf5 47. g4 Qe5# 0-1


[Site "https://www.chess.com"]

[Event "Titled Tuesday Blitz July 18 Early 2023"]
[White "Mekhane, Adam"]
[Black "micke12a"]
[WhiteFideId "36050601"]
[WhiteElo "2564"]
[BlackElo "2352"]
[Result "1-0"]
[Round "3"]
[TimeControl "180+2"]
[Date "2023.07.18"]
[WhiteClock "0:00:20"]
[BlackClock "0:00:04"]
[Board "129"]

1. b3 d5 2. Bb2 Bf5 3. e3 e6 4. Nf3 h6 5. d4 Nf6 6. Bd3 Bxd3 7. Qxd3 Nbd7 8. Nbd2 Bd6 9. O-O O-O 10. c4 c6 11. Ne5 Qc7 12. f4 Ne8 13. c5 Bxe5 14. fxe5 g6 15. e4 Ng7 16. Rae1 b6 17. b4 a5 18. a3 axb4 19. axb4 bxc5 20. dxc5 Rab8 21. Qd4 Rfd8 22. exd5 cxd5 23. Qf4 Nxc5 24. Qxh6 Nd3 25. Re3 Qb6 26. Kh1 Nf5 27. Rxf5 Nxb2 28. Rh3 1-0


[Site "https://www.chess.com"]

[Event "Titled Tuesday Blitz July 18 Early 2023"]
[White "Bendayan Claros, Aaron"]
[Black "Mamedov, Edgar"]
[WhiteFideId "3803392"]
[BlackFideId "13739980"]
[WhiteElo "2348"]
[BlackElo "2562"]
[Result "1-0"]
[Round "3"]
[TimeControl "180+2"]
[Date "2023.07.18"]
[WhiteClock "0:00:57"]
[BlackClock "0:00:00"]
[Board "130"]

1. d4 d5 2. Nf3 Nf6 3. e3 c5 4. Nbd2 e6 5. b3 Nc6 6. Bd3 cxd4 7. exd4 Qc7 8. a3 Bd6 9. Bb2 O-O 10. Qe2 a6 11. O-O b5 12. Ne5 Bb7 13. f4 Ne7 14. Rf3 Rac8 15. Rc1 g6 16. Rh3 Qa5 17. b4 Qb6 18. g4 Ne4 19. Nxe4 dxe4 20. Bxe4 Bxe4 21. Qxe4 Rc7 22. Rf1 Qb7 23. Qe2 Rfc8 24. c3 Qd5 25. Qf2 f6 26. Qh4 Nf5 27. gxf5 fxe5 28. fxe5 Bf8 29. fxg6 Rg7 30. Rg3 Be7 31. Qh6 Qe4 32. gxh7+ Qxh7 33. Qxe6+ 1-0


[Site "https://www.chess.com"]

[Event "Titled Tuesday Blitz July 18 Early 2023"]
[White "NovoselovRoman"]
[Black "Gutkin, Ilya"]
[BlackFideId "16203470"]
[WhiteElo "2558"]
[BlackElo "2346"]
[Result "1-0"]
[Round "3"]
[TimeControl "180+2"]
[Date "2023.07.18"]
[WhiteClock "0:00:04"]
[BlackClock "0:00:00"]
[Board "131"]

1. e4 e5 2. Nf3 Nc6 3. Bc4 Nf6 4. Nc3 Bc5 5. d3 d6 6. Bg5 h6 7. Bh4 Be6 8. Bb3 Ne7 9. d4 exd4 10. Bxf6 dxc3 11. Bxc3 O-O 12. Nd4 Bxb3 13. Nxb3 Bb6 14. Qg4 Ng6 15. h4 Ne5 16. Qg3 f6 17. O-O-O a5 18. f4 Nd7 19. Rh3 a4 20. Nd4 Nc5 21. Nf5 Qd7 22. Qg6 Kh8 23. Re1 Ne6 24. Rf3 Qf7 25. Qg4 Rae8 26. h5 Nc5 27. Nh4 Rg8 28. e5 1-0


[Site "https://www.chess.com"]

[Event "Titled Tuesday Blitz July 18 Early 2023"]
[White "Siniauski, Artsiom"]
[Black "Vasques, Antonio Pedro Freixial"]
[WhiteFideId "13512269"]
[BlackFideId "1908332"]
[WhiteElo "2556"]
[BlackElo "2322"]
[Result "1-0"]
[Round "3"]
[TimeControl "180+2"]
[Date "2023.07.18"]
[WhiteClock "0:00:19"]
[BlackClock "0:00:03"]
[Board "132"]

1. e4 c5 2. Nf3 Nc6 3. Bb5 g6 4. Bxc6 dxc6 5. d3 Bg4 6. h3 Bxf3 7. Qxf3 Bg7 8. Nc3 Nf6 9. Be3 Nd7 10. O-O Qc7 11. a3 b6 12. Rab1 Nf8 13. Ne2 Ne6 14. c3 Rd8 15. Rfd1 Qe5 16. b4 O-O 17. bxc5 bxc5 18. Rb7 f5 19. exf5 Rxf5 20. Qxc6 Rd6 21. Qe8+ Bf8 22. Qb8 Nd8 23. Rb5 Nc6 24. Qb7 Qe6 25. Ng3 Rfd5 26. Rxc5 Rxd3 27. Rxd3 1-0


[Site "https://www.chess.com"]

[Event "Titled Tuesday Blitz July 18 Early 2023"]
[White "ExchangeAB"]
[Black "Der_Balak_3Halak"]
[WhiteElo "2319"]
[BlackElo "2555"]
[Result "0-1"]
[Round "3"]
[TimeControl "180+2"]
[Date "2023.07.18"]
[WhiteClock "0:00:09"]
[BlackClock "0:00:09"]
[Board "133"]

1. d4 d5 2. Nc3 Bf5 3. f3 Nf6 4. Bf4 e6 5. g4 Bg6 6. h4 h5 7. g5 Nfd7 8. Nb5 Na6 9. e3 Nb6 10. Bd3 Bxd3 11. Qxd3 c6 12. Nc3 Nb4 13. Qd1 Bd6 14. Nge2 Nc4 15. Qc1 Bxf4 16. Nxf4 Nxe3 17. Rh2 Nf5 18. a3 Nxd4 19. Rf2 Na6 20. Qe3 c5 21. Ncxd5 O-O 22. Nc3 Nf5 23. Qe5 Qd4 24. Qxd4 cxd4 25. Ne4 g6 26. Rh2 Rac8 27. O-O-O Nc5 28. Kb1 Kg7 29. Nf6 Rfd8 30. Nd3 Nd7 31. Ne4 e5 32. f4 Ne3 33. Re1 exf4 34. Nxf4 Nc5 35. Nxc5 Rxc5 36. Nd3 Rf5 37. c3 Ng4 38. Rc2 dxc3 39. Rxc3 Rf3 40. Ne5 Nxe5 41. Rxe5 Rf1+ 42. Ka2 Rd4 43. Re7 Rxh4 44. Rxb7 a5 45. Rb5 a4 46. b3 Rh2+ 0-1


[Site "https://www.chess.com"]

[Event "Titled Tuesday Blitz July 18 Early 2023"]
[White "San Thit Lwin"]
[Black "Moskvin, Anatoly"]
[WhiteFideId "13001272"]
[BlackFideId "24199990"]
[WhiteElo "2318"]
[BlackElo "2552"]
[Result "0-1"]
[Round "3"]
[TimeControl "180+2"]
[Date "2023.07.18"]
[WhiteClock "0:01:02"]
[BlackClock "0:01:15"]
[Board "134"]

1. Nf3 g6 2. c4 Bg7 3. d4 c5 4. d5 b5 5. cxb5 a6 6. e4 d6 7. Nc3 Nf6 8. a4 O-O 9. Be2 axb5 10. Bxb5 Ba6 11. Rb1 Bxb5 12. axb5 Nbd7 13. O-O Qa5 14. Bd2 Rfb8 15. Qc2 Ng4 16. Bg5 Kf8 17. h3 Nge5 18. Nd2 Qb4 19. Be3 Nc4 20. Nxc4 Qxc4 21. Rfc1 Ne5 22. Qd2 Qb3 23. Bh6 Nc4 24. Bxg7+ Kxg7 25. Qg5 f6 26. Qg3 Nd2 27. Ra1 Qxb2 28. e5 Rxa1 29. exf6+ exf6 30. Rxa1 Qxa1+ 31. Kh2 Nf1+ 0-1


[Site "https://www.chess.com"]

[Event "Titled Tuesday Blitz July 18 Early 2023"]
[White "Da Matta, Eduardo Cesar"]
[Black "Portela Peleteiro, Alberto"]
[WhiteFideId "2193108"]
[BlackFideId "22276106"]
[WhiteElo "2316"]
[BlackElo "2552"]
[Result "0-1"]
[Round "3"]
[TimeControl "180+2"]
[Date "2023.07.18"]
[WhiteClock "0:00:02"]
[BlackClock "0:00:14"]
[Board "135"]

1. d4 d5 2. c4 e6 3. Nc3 c6 4. e3 Bd6 5. Nf3 f5 6. g3 Nf6 7. Bg2 O-O 8. O-O Nbd7 9. b3 Ne4 10. Bb2 b6 11. Ne2 Qe7 12. Nf4 Ba6 13. Rc1 Rac8 14. Nd3 dxc4 15. bxc4 c5 16. dxc5 Ndxc5 17. Nfe5 Nxd3 18. Qxd3 Rfd8 19. Qc2 Bxe5 20. Bxe5 Rxc4 21. Qb2 Rb4 22. Qa3 Bxf1 23. Bxf1 a5 24. Rc6 Nc5 25. Qc3 Rb1 26. Qc2 Rdd1 27. Rc7 Rxf1+ 28. Kg2 Qf8 29. Rxg7+ Qxg7 30. Bxg7 Kxg7 31. Qc3+ Kg8 32. Qe5 Rfd1 33. Qb8+ Kg7 34. Qe8 Rd7 35. h4 Rbd1 36. Qh5 R1d2 37. Qg5+ Kf7 38. h5 Rxf2+ 39. Kh3 Ne4 40. Qh6 Rf3 41. Qxh7+ Ke8 42. Qg8+ Ke7 43. h6 Rxg3+ 44. Qxg3 Nxg3 45. Kxg3 Rd8 0-1


[Site "https://www.chess.com"]

[Event "Titled Tuesday Blitz July 18 Early 2023"]
[White "Ionescu, Mihai"]
[Black "Shapiro, Daniel"]
[WhiteFideId "1202499"]
[BlackFideId "2001780"]
[WhiteElo "2551"]
[BlackElo "2316"]
[Result "1/2-1/2"]
[Round "3"]
[TimeControl "180+2"]
[Date "2023.07.18"]
[WhiteClock "0:00:05"]
[BlackClock "0:00:31"]
[Board "136"]

1. Nf3 Nf6 2. c4 Nc6 3. g3 e5 4. d3 d5 5. cxd5 Nxd5 6. Bg2 Be7 7. Nc3 Nb6 8. O-O O-O 9. Be3 Be6 10. d4 exd4 11. Nxd4 Nxd4 12. Bxd4 c6 13. b3 Bf6 14. Bxf6 Qxf6 15. Ne4 Qe7 16. Qd6 Rfe8 17. Rfd1 Bd5 18. Qxe7 Rxe7 19. Nc3 Bxg2 20. Kxg2 Kf8 21. Rd4 Rd7 22. Rad1 Rad8 23. Rxd7 Rxd7 24. Rxd7 Nxd7 25. Kf3 Ke7 26. Ke4 g6 27. e3 b5 28. Kd4 f5 29. b4 Kd6 30. e4 a6 31. exf5 gxf5 32. h3 c5+ 33. bxc5+ Nxc5 34. g4 Ne6+ 35. Ke3 fxg4 36. hxg4 Ke5 37. Ne2 a5 38. f4+ Kd5 39. f5 Nd8 40. g5 Ke5 41. Nd4 b4 42. f6 Nf7 43. Nc6+ Kf5 44. Nxa5 Kxg5 45. Nc6 Kxf6 46. Nxb4 Ke6 47. a4 Kd6 48. Nd3 Kc6 49. Kf4 Kb6 50. Kf5 Ka5 51. Kf6 Kxa4 52. Kxf7 Kb3 53. Kg7 h5 54. Nf4 h4 55. Kg6 Kc4 56. Kg5 Kd4 57. Kxh4 1/2-1/2


[Site "https://www.chess.com"]

[Event "Titled Tuesday Blitz July 18 Early 2023"]
[White "Martin, Lewis"]
[Black "Garv Gaur"]
[WhiteFideId "410551"]
[BlackFideId "45030839"]
[WhiteElo "2306"]
[BlackElo "2551"]
[Result "0-1"]
[Round "3"]
[TimeControl "180+2"]
[Date "2023.07.18"]
[WhiteClock "0:00:11"]
[BlackClock "0:00:04"]
[Board "137"]

1. e4 g6 2. d4 c6 3. Nf3 d5 4. Nc3 Bg7 5. e5 Bg4 6. Be3 e6 7. h3 Bxf3 8. Qxf3 Qb6 9. O-O-O Ne7 10. g4 Nd7 11. Qe2 a6 12. f4 h5 13. Bg2 Rc8 14. Rhf1 Qa5 15. Kb1 b5 16. a3 b4 17. axb4 Qxb4 18. Na2 Qb7 19. Rd3 Nb6 20. Rb3 Qa7 21. Rc1 Nc4 22. Bf1 hxg4 23. hxg4 a5 24. Qf2 Nxe3 25. Qxe3 Kd7 26. Nc3 Rb8 27. Na4 Rb4 28. Nc5+ Kd8 29. Qc3 Nc8 30. Rxb4 axb4 31. Qxb4 Bf8 32. Qa5+ Qxa5 33. Nb7+ Kc7 34. Nxa5 Rh4 35. Be2 Rh2 36. Bd1 Nb6 37. c4 Bb4 38. cxd5 Bxa5 39. Rxc6+ Kd7 40. Rd6+ Ke7 41. dxe6 fxe6 42. Bb3 Nd5 43. f5 gxf5 44. gxf5 Rh1+ 45. Ka2 Nb4+ 46. Ka3 Ra1+ 47. Ba2 Rxa2+ 48. Kb3 exf5 49. Rf6 Ra1 50. Rxf5 Nc6 51. Rf4 Rd1 52. Ka4 Bc7 53. Kb5 Nxd4+ 54. Kc5 Bxe5 55. Re4 Ke6 56. b4 Rc1+ 57. Kb6 Kd5 58. Rh4 Rc6+ 59. Ka7 Nb5+ 60. Ka8 Rc8+ 61. Kb7 Rb8+ 62. Ka6 Nc7+ 63. Ka7 Rd8 64. Rh7 Nb5+ 65. Ka6 Rb8 66. Rd7+ Kc6 67. Rb7 Rxb7 68. Ka5 Ra7# 0-1


[Site "https://www.chess.com"]

[Event "Titled Tuesday Blitz July 18 Early 2023"]
[White "robertoalejandro10"]
[Black "Mikhaylova, Irina"]
[BlackFideId "4109040"]
[WhiteElo "2551"]
[BlackElo "2292"]
[Result "1-0"]
[Round "3"]
[TimeControl "180+2"]
[Date "2023.07.18"]
[WhiteClock "0:00:14"]
[BlackClock "0:00:03"]
[Board "138"]

1. Nf3 Nf6 2. b3 g6 3. Bb2 Bg7 4. g3 O-O 5. Bg2 d5 6. O-O c5 7. e3 Nc6 8. Qe2 d4 9. exd4 cxd4 10. Na3 Re8 11. Nc4 e5 12. Ncxe5 Nxe5 13. Nxe5 Ng4 14. f4 Nxe5 15. fxe5 Bxe5 16. Qf2 f6 17. c3 dxc3 18. Bxc3 Bf5 19. Bxb7 Rb8 20. Bg2 Bxc3 21. dxc3 Be4 22. Qxf6 Qxf6 23. Rxf6 Bxg2 24. Kxg2 Rbd8 25. Rf2 Rd3 26. Rc1 a5 27. c4 Rc8 28. c5 Rd5 29. c6 Rc7 30. Rfc2 Rd6 31. Rc5 Kf7 32. a3 Ke6 33. b4 axb4 34. axb4 Rd2+ 35. Kh3 Kd6 36. b5 Rd5 37. Rxd5+ Kxd5 38. Rb1 Kc5 39. b6 Rxc6 40. b7 Kd6 41. b8=Q+ 1-0


[Site "https://www.chess.com"]

[Event "Titled Tuesday Blitz July 18 Early 2023"]
[White "Barwinska, Ewa"]
[Black "Guliev, Logman"]
[WhiteFideId "21833761"]
[BlackFideId "13400061"]
[WhiteElo "2286"]
[BlackElo "2550"]
[Result "0-1"]
[Round "3"]
[TimeControl "180+2"]
[Date "2023.07.18"]
[WhiteClock "0:00:03"]
[BlackClock "0:00:13"]
[Board "139"]

1. e4 c5 2. Nf3 d6 3. d4 cxd4 4. Nxd4 Nf6 5. Nc3 Nc6 6. Bg5 e6 7. Qd2 Be7 8. O-O-O Nxd4 9. Qxd4 O-O 10. Bxf6 Bxf6 11. Qxd6 Qa5 12. Qg3 Bxc3 13. bxc3 Qxa2 14. Bd3 Qa5 15. Kd2 e5 16. Ra1 Qc5 17. Rhb1 a6 18. Rb4 Be6 19. Qe3 Qe7 20. Qb6 Qg5+ 21. Qe3 Qxg2 22. Rxb7 Qxh2 23. Rxa6 Rxa6 24. Bxa6 h5 25. Rb1 h4 26. Bd3 h3 27. Qf3 Qf4+ 28. Qxf4 exf4 29. Ke2 g5 30. f3 Kg7 31. Rh1 Kf6 32. c4 Ke5 33. Kd2 Kd4 34. c3+ Ke5 35. Kc2 Ra8 36. Kb3 Rd8 37. Bf1 Rd2 38. Bxh3 Bxh3 39. Rxh3 g4 40. fxg4 Kxe4 41. Rh7 Rd7 42. g5 f3 43. g6 f2 44. g7 f1=Q 45. g8=Q Qb1+ 46. Ka4 Ra7# 0-1


[Site "https://www.chess.com"]

[Event "Titled Tuesday Blitz July 18 Early 2023"]
[White "Arencibia Monduy, Antonio"]
[Black "Nugumanov, Bakhtiyar"]
[WhiteFideId "3507939"]
[BlackFideId "13701797"]
[WhiteElo "2550"]
[BlackElo "2274"]
[Result "1-0"]
[Round "3"]
[TimeControl "180+2"]
[Date "2023.07.18"]
[WhiteClock "0:00:15"]
[BlackClock "0:00:00"]
[Board "140"]

1. e4 d6 2. Nf3 Nf6 3. Nc3 g6 4. d4 Bg7 5. h3 e6 6. Bg5 h6 7. Be3 Nbd7 8. Qd2 a6 9. Rd1 Qe7 10. e5 Nd5 11. Nxd5 exd5 12. exd6 Qxd6 13. Bd3 h5 14. O-O O-O 15. Bf4 Qc6 16. Rfe1 Nf6 17. Ne5 Qb6 18. c3 Be6 19. Qc2 Ne4 20. f3 Nf6 21. Re2 Rae8 22. Rde1 Bc8 23. b4 Nh7 24. Nxf7 Rxe2 25. Rxe2 Rxf7 26. Bxg6 Rxf4 27. Bxh7+ Kh8 28. Qd2 Rf8 29. Bc2 Qh6 30. Qd3 c6 31. Re7 1-0


[Site "https://www.chess.com"]

[Event "Titled Tuesday Blitz July 18 Early 2023"]
[White "rikchessmx"]
[Black "Ezat, Mohamed"]
[BlackFideId "10600906"]
[WhiteElo "2264"]
[BlackElo "2543"]
[Result "0-1"]
[Round "3"]
[TimeControl "180+2"]
[Date "2023.07.18"]
[WhiteClock "0:00:03"]
[BlackClock "0:00:16"]
[Board "141"]

1. e4 c6 2. d4 d5 3. Nc3 dxe4 4. Nxe4 Nf6 5. Ng5 h6 6. N5f3 Bg4 7. Bd3 e6 8. h3 Bxf3 9. Nxf3 Nbd7 10. Qe2 Bd6 11. Bd2 Qc7 12. g3 a6 13. c4 O-O 14. O-O-O c5 15. g4 Bf4 16. Kb1 cxd4 17. Nxd4 Nc5 18. Bc2 Rfd8 19. Bc3 b5 20. cxb5 Nd5 21. Nc6 Nxc3+ 22. bxc3 Rxd1+ 23. Rxd1 axb5 24. Nb4 Be5 25. Qf3 Rc8 26. Rc1 Bf6 27. Qg3 Qxg3 28. fxg3 Bxc3 29. Bh7+ Kxh7 30. Rxc3 Rc7 31. h4 Na6 32. Rb3 Nxb4 33. Rxb4 Rc5 34. Kb2 Kg6 35. Kb3 Kf6 36. Rf4+ Ke7 37. Kb4 Rd5 38. Re4 e5 39. Re3 Kd6 40. Rc3 g6 41. Rc8 Rd4+ 42. Kxb5 Rxg4 43. a4 Rxg3 44. a5 Rb3+ 45. Ka4 Rb1 46. a6 Ra1+ 47. Kb5 e4 48. Kb6 Rb1+ 49. Ka5 f5 50. a7 Ra1+ 51. Kb6 e3 52. a8=Q Rxa8 53. Rxa8 f4 54. Rd8+ Ke5 55. Kc5 Ke4 56. Re8+ Kf3 57. Kd4 Kf2 58. Ke4 g5 59. hxg5 hxg5 60. Kd3 g4 61. Re4 Kf3 62. Rd4 g3 63. Re4 g2 64. Re8 g1=Q 65. Rxe3+ Qxe3+ 0-1


[Site "https://www.chess.com"]

[Event "Titled Tuesday Blitz July 18 Early 2023"]
[White "Putri, Regita Desyari"]
[Black "Hajiyev, Kanan"]
[WhiteFideId "7109083"]
[BlackFideId "13404148"]
[WhiteElo "2262"]
[BlackElo "2542"]
[Result "0-1"]
[Round "3"]
[TimeControl "180+2"]
[Date "2023.07.18"]
[WhiteClock "0:00:00"]
[BlackClock "0:00:18"]
[Board "142"]

1. e4 a6 2. d4 c6 3. Nf3 d5 4. exd5 cxd5 5. c4 Nc6 6. Nc3 Nf6 7. h3 Bf5 8. a3 e6 9. c5 Ne4 10. Qb3 Ra7 11. Be3 Be7 12. Be2 O-O 13. O-O Bf6 14. Rfd1 h6 15. Rac1 Qe7 16. Nxe4 Bxe4 17. Qa4 e5 18. dxe5 Nxe5 19. Nd4 Rd8 20. Bf1 Nc4 21. Bxc4 dxc4 22. Qxc4 Bd5 23. Qc2 Raa8 24. Nf5 Qe6 25. Nd4 Qe5 26. Qf5 Qxf5 27. Nxf5 Bxb2 28. Ne7+ Kf8 29. Nxd5 Bxc1 30. Bxc1 Rac8 31. Be3 Rc7 32. Nc3 Rxd1+ 33. Nxd1 Rd7 34. Nb2 f5 35. Kf1 g5 36. g3 Kf7 37. Ke2 Ke6 38. Nd3 Kd5 39. f4 Re7 40. Kd2 Ke4 41. fxg5 hxg5 42. Ke2 Kd5 43. Kf3 Kc4 44. Bxg5 Rg7 45. Bf6 Rh7 46. Ne5+ Kxc5 47. h4 b5 48. Kf4 Rh5 49. Nd3+ Kc4 50. Ne5+ Kb3 0-1


[Site "https://www.chess.com"]

[Event "Titled Tuesday Blitz July 18 Early 2023"]
[White "Samarth J Rao"]
[Black "Tikhonov, Viacheslav"]
[WhiteFideId "46652370"]
[BlackFideId "44196407"]
[WhiteElo "2259"]
[BlackElo "2542"]
[Result "1-0"]
[Round "3"]
[TimeControl "180+2"]
[Date "2023.07.18"]
[WhiteClock "0:00:06"]
[BlackClock "0:00:03"]
[Board "143"]

1. e4 c5 2. Nf3 Nc6 3. d4 cxd4 4. Nxd4 Nf6 5. Nc3 e5 6. Ndb5 d6 7. Bg5 a6 8. Na3 b5 9. Nd5 Be7 10. Bxf6 Bxf6 11. c3 Bg5 12. Nc2 Rb8 13. b4 O-O 14. a4 f5 15. exf5 Bxf5 16. Nce3 Be6 17. Be2 Qd7 18. O-O Qf7 19. axb5 axb5 20. Ra6 Qb7 21. Rb6 Qc8 22. Rxb5 Qd7 23. Rxb8 Rxb8 24. Bg4 Ne7 25. Nxe7+ Qxe7 26. Bxe6+ Qxe6 27. Qd5 Kf7 28. Qf3+ Kg8 29. Ra1 e4 30. Qf5 Qxf5 31. Nxf5 Bf6 32. Nxd6 Bxc3 33. Rc1 Rxb4 34. g3 Rb3 35. Nxe4 Bd4 36. Rc7 h6 37. Kg2 Rb2 38. h4 Re2 39. Kf3 Rb2 40. Rd7 Be5 41. h5 Rb3+ 42. Kg4 Rb5 43. f4 Bb2 44. Nd6 Rd5 45. Rd8+ Kh7 46. Nf7 Rxd8 47. Nxd8 g6 48. Ne6 Ba3 49. hxg6+ Kxg6 50. Nd4 Bc5 51. Ne6 Bf2 52. Nc7 Be1 53. Kf3 h5 54. Nd5 Ba5 55. Ne3 Bb6 56. Ng2 Bd8 57. Ke4 Ba5 58. Ne3 Be1 59. Nf1 h4 60. g4 h3 61. Kf3 Kf6 62. Ng3 Kg6 63. Nh1 Kf6 64. Nf2 h2 65. Nh1 Bd2 66. Kg3 Ke6 67. f5+ Kf6 68. Kxh2 Kg5 69. Kh3 Kf4 70. Ng3 Bc3 71. Ne2+ Kg5 72. Nxc3 1-0


[Site "https://www.chess.com"]

[Event "Titled Tuesday Blitz July 18 Early 2023"]
[White "Daniel_Salinas"]
[Black "Girya, Olga"]
[BlackFideId "4195752"]
[WhiteElo "2253"]
[BlackElo "2540"]
[Result "0-1"]
[Round "3"]
[TimeControl "180+2"]
[Date "2023.07.18"]
[WhiteClock "0:00:10"]
[BlackClock "0:00:10"]
[Board "144"]

1. d4 Nf6 2. c4 e6 3. Nf3 d5 4. g3 Be7 5. Bg2 O-O 6. O-O dxc4 7. Qc2 a6 8. a4 Bd7 9. Qxc4 Bc6 10. Bg5 Nbd7 11. Nc3 h6 12. Bxf6 Nxf6 13. Ne5 Bxg2 14. Kxg2 Qd6 15. Rfd1 Rfd8 16. Nf3 c5 17. e4 Qb6 18. d5 exd5 19. exd5 Bd6 20. Nh4 Qb4 21. Qd3 Be5 22. Qc2 Bxc3 23. bxc3 Qe4+ 24. Qxe4 Nxe4 25. c4 Nd6 26. Rdc1 Re8 27. Rab1 Re4 28. Rb6 Rd8 29. Nf3 Nxc4 30. Rxb7 Rxd5 31. Rc7 g5 32. h3 Kg7 33. Rb1 Re2 34. Rbb7 Ne3+ 35. Kh2 Rxf2+ 36. Kg1 Rg2+ 37. Kh1 Rd1+ 38. Ng1 Rdxg1# 0-1


[Site "https://www.chess.com"]

[Event "Titled Tuesday Blitz July 18 Early 2023"]
[White "Luxama, Jacques Muller"]
[Black "Sreyas Payyappat"]
[WhiteFideId "11900113"]
[BlackFideId "46674969"]
[WhiteElo "2245"]
[BlackElo "2538"]
[Result "1-0"]
[Round "3"]
[TimeControl "180+2"]
[Date "2023.07.18"]
[WhiteClock "0:00:21"]
[BlackClock "0:00:59"]
[Board "145"]

1. e4 c6 2. d4 d5 3. Nc3 dxe4 4. Nxe4 Nf6 5. Ng5 e6 6. N1f3 Bd6 7. Bd3 O-O 8. O-O h6 9. Ne4 Nxe4 10. Bxe4 Nd7 11. c3 Bb8 12. Bc2 Qc7 13. g3 Nf6 14. Bf4 Qd8 15. Bxb8 Rxb8 16. Ne5 Bd7 17. Qf3 Qc7 18. Rae1 Rbd8 19. g4 Bc8 20. h4 Nd5 21. g5 hxg5 22. hxg5 f6 23. Bh7+ Kxh7 24. Qh5+ Kg8 25. g6 Rfe8 26. Qh7+ Kf8 27. Qh8+ Ke7 28. Qxg7+ Kd6 29. Nf7+ Qxf7 30. gxf7 Rf8 31. c4 Ke7 32. cxd5 Rxd5 33. f4 Rxf7 34. Qg3 Kf8 35. Kf2 Rxd4 36. Rd1 e5 37. Rxd4 exd4 38. Rh1 Be6 39. f5 Bxf5 40. Qd6+ Kg7 41. Qg3+ Bg6 42. Rg1 1-0


[Site "https://www.chess.com"]

[Event "Titled Tuesday Blitz July 18 Early 2023"]
[White "Vaglio Munoz, Jaime"]
[Black "Ortega Amarelle, Mariano"]
[WhiteFideId "6500145"]
[BlackFideId "3504301"]
[WhiteElo "2239"]
[BlackElo "2533"]
[Result "0-1"]
[Round "3"]
[TimeControl "180+2"]
[Date "2023.07.18"]
[WhiteClock "0:00:00"]
[BlackClock "0:00:04"]
[Board "146"]

1. Nf3 d5 2. c4 d4 3. d3 Nc6 4. Bf4 f6 5. Bg3 e5 6. a3 a5 7. e3 Bc5 8. exd4 Nxd4 9. Nxd4 Bxd4 10. Nc3 Ne7 11. Be2 O-O 12. O-O Nf5 13. Bf3 c6 14. Rb1 Be6 15. Ne2 Qd7 16. b4 axb4 17. axb4 Ra3 18. b5 Bc5 19. bxc6 bxc6 20. Nc1 Nd4 21. Nb3 Nxb3 22. Rxb3 Rfa8 23. Be4 f5 24. Bf3 f4 25. Bh4 Bf5 26. Be4 Bxe4 27. Rxa3 Rxa3 28. dxe4 Qxd1 29. Rxd1 Ra2 30. h3 h6 31. Bd8 Bxf2+ 32. Kh1 Bd4 33. h4 h5 34. Be7 Kf7 35. Bd6 Ke6 36. Bf8 g6 37. Rb1 Rc2 38. c5 Bxc5 39. Bxc5 Rxc5 40. Rb7 Rc4 41. Rg7 Kf6 42. Rc7 Rc2 43. Kg1 Ke6 44. Rg7 Kf6 45. Rc7 Rc4 46. Kf2 Rxe4 47. Rxc6+ Kf5 48. Rc8 Re3 49. Rg8 Ra3 50. Kf1 e4 51. Kf2 Ra2+ 52. Kg1 f3 53. Rf8+ Kg4 54. gxf3+ exf3 55. Rg8 Rg2+ 56. Kh1 Kxh4 57. Rf8 Rg3 58. Rf4+ Kg5 59. Rf8 f2 0-1


[Site "https://www.chess.com"]